 Dungeon Crawl Stone Soup version 0.30-a0-743-gbfdf073431 (webtiles) character file.

Game seed: 6264731023030781997

177 sircluck the Shooter (level 5, -1/26 HPs)
             Began as a Spriggan Hunter on Feb 7, 2023.
             Succumbed to a water moccasin's poison
             ... on level 3 of the Dungeon.
             The game lasted 00:04:16 (1861 turns).

sircluck the Shooter (Spriggan Hunter)              Turns: 1861, Time: 00:04:17

Health: -1/26      AC:  3    Str:  7    XL:     5   Next: 31%
Magic:  6/6        EV: 18    Int: 11    God:
Gold:   154        SH:  0    Dex: 20    Spells: 4/4 levels left

rFire   . . .      SeeInvis +    a - +0 shortbow
rCold   . . .      Faith    .    (shield currently unavailable)
rNeg    . . .      Spirit   .    c - +0 robe
rPois   .          Reflect  .    j - +1 hat
rElec   .          Harm     .    (no cloak)
rCorr   .          Rampage  .    (gloves unavailable)
Will    .....                    (boots unavailable)
Stlth   ++                       (no amulet)
HPRegen 0.24/turn                (no ring)
MPRegen 0.10/turn                (no ring)

@: lethally poisoned (-1 -> -11), attractive, very quick
A: very small, no large weapons, unfitting armour, see invisible, speed 3,
screaming 1
a: no special abilities


You were on level 3 of the Dungeon.
You visited 1 branch of the dungeon, and saw 3 of its levels.

You collected 154 gold pieces.

Inventory:

Hand Weapons
 a - a +0 shortbow (weapon)
Missiles
 e - 3 boomerangs
 n - 15 stones
Armour
 c - a +0 robe (worn)
 j - a +1 hat (worn)
Jewellery
 d - a +5 ring of evasion
Scrolls
 b - a scroll of immolation
 f - a scroll of enchant weapon {unknown}
 g - 2 scrolls of identify {unknown}
 h - a scroll of vulnerability {unknown}
 i - 2 scrolls of teleportation {unknown}
 m - a scroll of brand weapon {unknown}
 p - a scroll of enchant armour {unknown}
Potions
 l - a potion of lignification {unknown}
 o - a potion of attraction


   Skills:
 + Level 2.0 Fighting
 + Level 6.3 Ranged Weapons
 + Level 3.1 Dodging
 + Level 2.0 Stealth


You had 4 spell levels left.
You didn't know any spells.
Your spell library contained the following spells:

 Spells                   Type           Power      Damage    Failure   Level
 Slow                     Hex            0%         N/A       34%         1


Dungeon Overview and Level Annotations

Branches:
Dungeon (3/15)

Altars:
Makhleb

Shops:
D:1 =


Innate Abilities, Weirdness & Mutations

You are very small and have problems with some larger weapons.
You are too small for most types of armour.
You have supernaturally acute eyesight. (SInv)
You cover ground extremely quickly. (Speed+++)
You occasionally shout uncontrollably at your foes.


Message History

You shoot an arrow. The arrow hits the worm!
The worm is almost dead.
The worm closely misses you.
You shoot an arrow. The arrow barely misses the worm.
You shoot an arrow. The arrow barely misses the worm.
The worm completely misses you.
You see here a +0 scale mail.
You shoot an arrow.
The arrow hits the jackal but does no damage.
You shoot an arrow.
The arrow hits the jackal but does no damage.
The jackal barely misses you. The jackal closely misses you.
You shoot an arrow. The arrow hits the jackal.
The jackal is moderately wounded.
You shoot an arrow. The arrow hits the water moccasin.
The water moccasin is lightly wounded.
The water moccasin completely misses you.
The jackal misses you. The jackal closely misses you.
The water moccasin bites you.
You shoot an arrow. The arrow misses the water moccasin.
The jackal misses you. The water moccasin bites you.
You are lethally poisoned!
The water moccasin poisons you!
You shoot an arrow. The arrow hits the water moccasin!
The water moccasin is moderately wounded.
You feel very sick. The jackal bites you. The water moccasin bites you!
* * * LOW HITPOINT WARNING * * *
The jackal completely misses you. The water moccasin barely misses you.
It was a potion of attraction.
You feel attractive to monsters.
* * * LOW HITPOINT WARNING * * *
You feel very sick.
The jackal bites you but does no damage.
The water moccasin closely misses you.
The jackal bites you but does no damage.
It was a potion of mutation.
You feel extremely strange.
You feel the urge to shout.
You die...

..#..# #.###.##
.. #..### ..##
##...#### ###.
###....#####.# ##
.# ####.......#
..##
...###....#######
...##.##...#####
#..#.#.†#####@#
#.#.#.###.#Sh#
#...).# #...##
##..[## #..##
#.).# ##..#
#...###..##
##w##...##
#.##..## #.##..#


You could see a water moccasin and a jackal.

Vanquished Creatures
  Jessica (D:2)
  An orc wizard (D:3)
  4 gnolls (D:2)
  4 adders (D:2)
  A dart slug (D:1)
  4 orcs (D:3)
  3 endoplasms
  4 giant cockroaches
  5 goblins
  2 hobgoblins (D:2)
  A jackal (D:3)
  4 quokkas
  2 ball pythons
  6 bats
  2 frilled lizards (D:1)
  6 kobolds
  A rat (D:1)
51 creatures vanquished.

Notes
Turn   | Place    | Note
-------+----------+-------------------------------------------
     0 | D:1      | sircluck the Spriggan Hunter began the quest for the Orb.
     0 | D:1      | Reached XP level 1. HP: 10/10 MP: 2/2
   114 | D:1      | Reached XP level 2. HP: 14/14 MP: 3/3
   347 | D:1      | Found Cuziecao's Jewellery Boutique.
   865 | D:2      | Found a burning altar of Makhleb.
   980 | D:2      | Reached XP level 3. HP: 12/18 MP: 4/4
  1140 | D:2      | Reached skill level 5 in Ranged Weapons
  1295 | D:2      | Reached XP level 4. HP: 23/23 MP: 5/5
  1448 | D:2      | Noticed Jessica
  1460 | D:2      | Killed Jessica
  1504 | D:2      | Got Jessica's Vellum of the Curse
  1550 | D:2      | Reached XP level 5. HP: 26/26 MP: 6/6
  1683 | D:3      | Reached skill level 6 in Ranged Weapons
  1802 | D:3      | Noticed a water moccasin
  1860 | D:3      | HP: 1/26 [poisoned by a water moccasin]
  1861 | D:3      | Gained mutation: You occasionally shout uncontrollably at
                  | your foes. [potion of mutation]
  1861 | D:3      | Succumbed to a water moccasin's poison

Illustrated notes

Levels and vault maps discovered:
D:1:      heliophobic_arrival_glass_houses, layout_basic, serial_shops,
          shop_fountains, corexii_corridor_pit, minmay_misc_feat_rugged,
          chequers_serial_rivers_micro_e, chequers_serial_rivers_small_b,
          minmay_stone_trees_small, nrook_loot_triangle
D:2:      layout_loops_ring, basic_altar, kennysheep_jessica_study
D:3:      minmay_general_purpose_star, layout_rooms, fountainhead,
          kennysheep_generic_room_9

Skill      XL: |  1  2  3  4  5 |
---------------+----------------+-----
Ranged Weapons | 5 6 |  6.3
Dodging        | 3 |  3.1
Stealth        | 2 |  2.0
Fighting       | 2 |  2.0

Action                     |  1- 3 |  4- 6 || total
---------------------------+-------+-------++-------
   Fire: Shortbow          |    91 |    63 ||   154
    Use: Potion            |       |     2 ||     2
 Armour: Robe              |     7 |     4 ||    11
  Dodge: Dodged            |    27 |    23 ||    50

Table legend: (Time is in decaauts)
 A = Elapsed time spent in this place.
 B = Non-inter-level travel time spent in this place.
 C = Inter-level travel time spent in this place.
 D = Time resting spent in this place.
 E = Time spent auto-exploring this place.
 F = Levels seen in this place.
 G = Mean time per level.
                   A        B        C        D        E       F      G
               +--------+--------+--------+--------+--------+-----+--------+
         Total |   1285 |   1263 |     22 |      0 |    904 |   3 |  428.3 |
       Dungeon |   1285 |   1263 |     22 |      0 |    904 |   3 |  428.3 |
               +--------+--------+--------+--------+--------+-----+--------+

Top non-repeatable levels by time:
     D:2: 573 daAuts
     D:1: 558 daAuts
     D:3: 153 daAuts
